 Dungeon Crawl Stone Soup version 0.28-a0-172-g787e458d71 (webtiles) character file.

Game seed: 8411458593555000606

248 rabbitsville the Sneak (level 5, 0/21 HPs)
             Began as a Felid Conjurer on Aug 16, 2021.
             Slain by a river rat (5 damage)
             ... in a sewer on Aug 17, 2021.
             The game lasted 00:37:27 (5831 turns).

rabbitsville the Sneak (Felid Conjurer)             Turns: 5831, Time: 00:37:28

Health: 0/21       AC:  1    Str:  3    XL:     5   Next: 86%
Magic:  0/11       EV: 17    Int: 21    God:
Gold:   159        SH:  0    Dex: 14    Spells: 7/10 levels left
                                        Lives:  0   Deaths: 1

rFire   . . .      SeeInvis +   (weapon unavailable)
rCold   . . .      Faith    .   (shield unavailable)
rNeg    . . .      Spirit   .   (armour unavailable)
rPois   .          Reflect  .   (helmet unavailable)
rElec   .          Harm     .   (cloak unavailable)
rCorr   .          Rampage  .   (gloves unavailable)
Will    .....                   (boots unavailable)
Stlth   +++.......              (no amulet)
HPRegen 0.07/turn               (no ring)
MPRegen 0.12/turn               (no ring)

@: quick
A: very small, claws 1, fangs 3, see invisible, speed 1, shaggy fur 1, stealthy
paws, no weapons or thrown items, no armour, multi-lived
a: no special abilities


You were in a sewer.
You visited 1 branch of the dungeon, and saw 5 of its levels.
You also visited: Sewer.

You collected 159 gold pieces.

Inventory:

Scrolls
 b - a scroll of fog {unknown}
 d - 2 scrolls of enchant armour
 g - a scroll of enchant weapon
 i - a scroll of silence {unknown}
Potions
 c - 2 potions of curing
 f - a potion of resistance


   Skills:
 - Level 2.6 Dodging
 + Level 4.9 Stealth
 + Level 3.3 Spellcasting
 + Level 4.7 Conjurations
 - Level 4.2 Hexes
 + Level 0.8 Necromancy


You had 7 spell levels left.
You knew the following spells:

 Your Spells              Type           Power      Damage    Failure   Level
a - Magic Dart            Conj           92%        1d7       1%          1
b - Searing Ray           Conj           46%        3d4       2%          2

Your spell library contained the following spells:

 Spells                   Type           Power      Damage    Failure   Level
 Slow                     Hex            21%        N/A       3%          2
 Dazzling Flash           Conj/Hex       44%        N/A       6%          3
 Confusing Touch          Hex            21%        N/A       7%          3
 Fulminant Prism          Conj/Hex       11%        3d9       21%         4
 Vampiric Draining        Necr           3%         2d6       26%         3
 Iskenderun's Mystic Bla  Conj/Tloc      13%        2d5       43%         4


Dungeon Overview and Level Annotations

Branches:
Dungeon (5/15)              Sewer (1/1)
 Temple: D:4-7

Altars:
Ru


Innate Abilities, Weirdness & Mutations

You have sharp claws.
You have razor-sharp teeth.
You have supernaturally acute eyesight. (SInv)
You cover ground quickly. (Speed+)
You are covered in fur. (AC +1)
Your paws help you pounce on unaware monsters.
You are incapable of wielding weapons or throwing items.
You cannot wear armour.
You gain extra lives every three experience levels.


Message History

The giant cockroach misses you. The giant cockroach barely misses you.
The giant cockroach closely misses you.
The quokka splashes around in the water.
The world spins around you as you enter the gateway.
You enter a sewer! 3 rats and a river rat come into view.
Found a gate leading back out of this place.
There is an empty arch of ancient stone here.
You feel better.
Casting: Magic Dart (safe; 1% risk of failure)
Confirm with . or Enter, or press ? or * to list all spells.
Aiming: Magic Dart (safe; 1% risk of failure)
Press: ? - help, Shift-Dir - straight line, f - rat
Aim: a rat (100% to hit)
The magic dart hits the rat.
You kill the rat!
Casting: Magic Dart (safe; 1% risk of failure)
Confirm with . or Enter, or press ? or * to list all spells.
You don't know that spell.
Casting: Magic Dart (safe; 1% risk of failure)
Confirm with . or Enter, or press ? or * to list all spells.
Aiming: Magic Dart (safe; 1% risk of failure)
Press: ? - help, Shift-Dir - straight line, f - river rat
Aim: a river rat (100% to hit)
The magic dart hits the river rat but does no damage.
You scratch the rat but do no damage. Your bite misses the rat.
You scratch the rat but do no damage. The rat closely misses you.
The river rat bites you!
You closely miss the rat. The rat bites you. The river rat closely misses you.
You scratch the rat but do no damage. The rat closely misses you.
The river rat bites you.
* * * LOW HITPOINT WARNING * * *
Casting: Magic Dart (safe; 1% risk of failure)
Confirm with . or Enter, or press ? or * to list all spells.
Aiming: Magic Dart (safe; 1% risk of failure)
Press: ? - help, Shift-Dir - straight line, f/p - river rat
Aim: a river rat (100% to hit)
The magic dart hits the river rat but does no damage.
The rat barely misses you. The river rat bites you.
You die... ############### ≈.....r@r∩r...# ###############

You could see a river rat and 2 rats.

Vanquished Creatures
  A hound (D:3)
  An orc priest (D:3)
  2 jellies (D:4)
  An iguana (D:4)
  Robin (D:3)
  3 adders
  3 gnolls
  An ufetubus (D:3)
  An adder zombie (D:4)
  A worm (D:2)
  A dart slug (D:3)
  8 orcs
  2 ball pythons
  6 endoplasms
  3 giant cockroaches
  19 goblins
  19 hobgoblins
  3 quokkas
  3 bats
  6 frilled lizards
  5 kobolds
  8 rats
98 creatures vanquished.

Notes
Turn   | Place    | Note
-------+----------+-------------------------------------------
     0 | D:1      | rabbitsville the Felid Conjurer began the quest for the
                  | Orb.
     0 | D:1      | Reached XP level 1. HP: 7/7 MP: 4/4
   218 | D:1      | Reached XP level 2. HP: 11/11 MP: 3/6
   255 | D:1      | Learned a level 2 spell: Searing Ray
   519 | D:1      | Found a faded altar of an unknown god.
   731 | D:1      | Reached XP level 3. HP: 14/14 MP: 4/7
  1869 | D:2      | Reached skill level 1 in Hexes
  2541 | D:3      | Reached XP level 4. HP: 18/18 MP: 5/8
  2765 | D:3      | Noticed Robin
  3354 | D:3      | Found a sacrificial altar of Ru.
  3543 | D:3      | Killed Robin
  3864 | D:3      | Reached XP level 5. HP: 6/21 MP: 2/10
  4259 | D:4      | HP: 1/21 [gnoll (5)]
  4263 | D:3      | Slain by a gnoll
  4264 | D:3      | Reached XP level 4. HP: -1/18 MP: 7/9
  5027 | D:4      | Identified the +0 dagger "Gughadac" {speed, +Blink Int+4}
  5441 | D:3      | Reached XP level 5. HP: 10/21 MP: 4/10
  5786 | D:5      | Entered Level 5 of the Dungeon
  5789 | D:5      | Found a glowing drain.
  5823 | Sewer    | Entered a sewer
  5831 | Sewer    | Slain by a river rat

Illustrated notes

Levels and vault maps discovered:
D:1:      nagdon_arrival_zigzag_paths, layout_basic,
          ebering_ecumenical_altar_rust, minmay_misc_feat_encased
D:2:      layout_loops_ring, minmay_misc_feat_tiny
D:3:      layout_loops_corners, mainiacjoe_overflow_chevrons, uniq_robin
D:4:      minmay_spotlight, layout_rooms
D:5:      layout_gridville, portal_sewer_entry_f
Sewer:    sewer_kobolds

Skill      XL: |  1  2  3  4 |
---------------+-------------+-----
Stealth        | 3 4 |  4.9
Conjurations   | 4 |  4.7
Hexes          | 1 4 |  4.2
Spellcasting   | 3 |  3.3
Dodging        | |  2.6
Necromancy     | |  0.8

Action                   |  1- 3 |  4- 6 || total
-------------------------+-------+-------++-------
Melee: Unarmed           |    21 |    13 ||    34
 Cast: Magic Dart        |    68 |    57 ||   125
       Searing Ray       |    18 |    41 ||    59
  Use: Scroll            |       |     5 ||     5
       Potion            |       |     4 ||     4
Armor: Skin              |     1 |     2 ||     3
Dodge: Dodged            |    21 |    73 ||    94

Table legend: (Time is in decaauts)
 A = Elapsed time spent in this place.
 B = Non-inter-level travel time spent in this place.
 C = Inter-level travel time spent in this place.
 D = Time resting spent in this place.
 E = Time spent auto-exploring this place.
 F = Levels seen in this place.
 G = Mean time per level.
                   A        B        C        D        E       F      G
               +--------+--------+--------+--------+--------+-----+--------+
         Total |   5269 |   5033 |    236 |   2328 |   1368 |   6 |  878.2 |
       Dungeon |   5261 |   5025 |    236 |   2328 |   1368 |   5 | 1052.2 |
         Sewer |      7 |      7 |      0 |      0 |      0 |   1 |    7.0 |
               +--------+--------+--------+--------+--------+-----+--------+

Top non-repeatable levels by time:
     D:3: 2442 daAuts
     D:1: 1307 daAuts
     D:2: 1061 daAuts
     D:4: 416 daAuts
     D:5: 34 daAuts
   Sewer: 7 daAuts
